 Dungeon Crawl Stone Soup version 0.31-a0-408-gb642c7f9a3 (webtiles) character file.

Game seed: 6791261237847062208

1185 LeprechaunX the Ruffian (level 8, -2/54 HPs)
             Began as an Octopode Shapeshifter on July 30, 2023.
             Was an Initiate of Cheibriados.
             Slain by a wight
             ... wielding a +3 great sword of freezing
              (16 damage)
             ... on level 6 of the Dungeon.
             The game lasted 00:07:17 (4263 turns).

LeprechaunX the Ruffian (Octopode Shapeshifter)     Turns: 4263, Time: 00:07:18

Health: -2/54      AC:  5    Str: 17    XL:     8   Next: 42%
Magic:  10/10      EV: 13    Int: 12    God:    Cheibriados [......]
Gold:   306        SH:  0    Dex: 13    Spells: 7/7 levels left

rFire   . .          .
                       - Unarmed
rCold   . . .        (no shield)
rNeg    + . .        (helmet currently unavailable)
rPois   .            (no amulet)
rElec   .            g - +4 ring of protection
rCorr   .            h - ring of positive energy
SInv    .            (no ring)
Will    .....        (no ring)
Stlth   ++           (no ring)
HPRegen 0.29/turn    (no ring)
MPRegen 0.12/turn    (no ring)
                     (no ring)

%: no passive effects
@: beast-form, very slow
A: beast (slay +3), almost no armour, amphibious, 8 rings, camouflage 1,
gelatinous body 1, (nimble swimmer 1), tentacles
a: Begin Untransformation, Renounce Religion


You were on level 6 of the Dungeon.
You worshipped Cheibriados.
Cheibriados was noncommittal.
You were a hulking beast.
You visited 1 branch of the dungeon, and saw 6 of its levels.

You collected 306 gold pieces.

Inventory:

Missiles
 l - a throwing net (quivered)
Jewellery
 g - a +4 ring of protection (left tentacle)
 h - a ring of positive energy (right tentacle)
Talismans
 b - a beast talisman
 s - a serpent talisman
Wands
 p - a wand of iceblast (10)
Scrolls
 d - a scroll of teleportation {unknown}
 f - 4 scrolls of identify {unknown}
 i - 2 scrolls of enchant armour {unknown}
 j - 2 scrolls of blinking {unknown}
 n - 4 scrolls of noise {unknown}
 o - a scroll of poison {unknown}
 q - a scroll of torment {unknown}
 r - a scroll of enchant weapon {unknown}
Potions
 a - a potion of lignification
 c - 3 potions of curing {unknown}
 e - 2 potions of berserk rage {unknown}
 k - a potion of haste {unknown}
 m - a potion of enlightenment {unknown}


   Skills:
 + Level 4.6 Fighting
 - Level 2.0 Dodging
 - Level 7.0 Unarmed Combat
 + Level 2.8 Invocations
 * Level 5.1 Shapeshifting


You had 7 spell levels left.
You didn't know any spells.
Your spell library contained the following spells:

 Spells                   Type           Power      Damage    Failure   Level
 Apportation              Tloc           0%         N/A       32%         1
 Kiss of Death            Conj/Necr      0%         2d5       32%         1
 Necrotise                Necr           0%         1d4       32%         1
 Summon Small Mammal      Summ           0%         N/A       32%         1
 Confusing Touch          Hex            0%         N/A       69%         3
 Dispel Undead            Necr           0%         3d6       97%         4


Dungeon Overview and Level Annotations

Branches:
Dungeon (6/15)
 Temple: D:4-7

Altars:
Cheibriados
Fedhas
Okawaru
Qazlal
Wu Jian

Shops:
D:1 ?   D:4 *


Innate Abilities, Weirdness & Mutations

You are a hulking beast.
Your limbs bulge with bestial killing power. (Slay +3)
You cannot wear most types of armour.
You are amphibious.
You can wear up to eight rings at the same time.
Your skin changes colour to match your surroundings (Stealth+).
Your rubbery body absorbs attacks. (AC +1, EV +1)
((You are camouflaged when in or above water. (Stealth+)))
You have tentacles for arms and can constrict up to eight enemies at once.


Message History

The orc warrior is moderately wounded.
You constrict the orc warrior, but do no damage.
An orc wizard comes into view. It is wielding a +0 dagger.
The orc warrior barely misses you.
You tentacle-slap the orc warrior. You squeeze the orc warrior!
The orc warrior is almost dead.
You constrict the orc warrior.
You kill the orc warrior!
Cheibriados appreciates the change of pace.
Your Shapeshifting skill increases to level 5!
You closely miss the orc wizard. Your grab misses the orc wizard.
You squeeze the orc wizard!
The orc wizard is severely wounded.
The orc wizard gestures at you while chanting.
You are confused.
You barely miss the orc wizard.
The orc wizard is severely wounded.
The orc wizard hits you but does no damage.
Unknown command.
You bludgeon the orc wizard!
You kill the orc wizard!
Cheibriados appreciates the change of pace.
Unknown command.
You start resting.
A wight comes into view.
It is wielding a +3 great sword of freezing. 2 wights come into view.
A wight is wielding a +4 trident of freezing.
Found an encrusted agate ring.
You feel less confused. The wight barely misses you.
The wight hits you with a +3 great sword of freezing!
The wight freezes you.
Unknown command.
You bludgeon the wight! You grab the wight.
The wight is severely damaged.
You constrict the wight, but do no damage.
The wight hits you with a +0 short sword.
* * * LOW HITPOINT WARNING * * *
The wight hits you with a +3 great sword of freezing!
You die...

#.. ####...
#...##....#
#.......# .####
#.<..#
......##.####
..##.....^.#
#..........# ##
###.....)z)#
z.###
###....hz#.....#
#......z......
#..(......###.
#.....#...#
#.......#.#
.......###...
###.....# ###
#...... ..###=


You could see 3 wights.

Vanquished Creatures
  Grinder (D:5)
  An orc warrior (D:6)
  An ice beast (D:5)
  2 sky beasts
  A scorpion (D:4)
  2 jellies
  Crazy Yiuf (D:3)
  An orc priest (D:3)
  A gnoll bouda (D:3)
  A sleepcap (D:5)
  3 iguanas
  2 orc wizards
  11 adders
  7 gnolls
  An ufetubus (D:5)
  3 worms
  9 orcs
  3 bats
  8 endoplasms
  A giant cockroach (D:1)
  15 goblins
  4 hobgoblins
  5 jackals (D:2)
  12 kobolds
  8 quokkas
  5 ball pythons
  4 frilled lizards
  4 rats
117 creatures vanquished.

Notes
Turn   | Place    | Note
-------+----------+-------------------------------------------
     0 | D:1      | LeprechaunX the Octopode Shapeshifter began the quest for
                  | the Orb.
     0 | D:1      | Reached XP level 1. HP: 13/13 MP: 1/1
     1 | D:1      | Noticed a minotaur zombie
    20 | D:1      | Noticed a minotaur zombie
   111 | D:1      | Reached XP level 2. HP: 18/18 MP: 2/2
   539 | D:1      | Found The Oracle's Delphic Readings.
   575 | D:1      | Reached XP level 3. HP: 23/23 MP: 3/3
   945 | D:2      | Reached skill level 4 in Unarmed Combat
   956 | D:2      | Reached XP level 4. HP: 19/29 MP: 4/4
  1258 | D:2      | Reached XP level 5. HP: 35/35 MP: 5/5
  1723 | D:3      | Reached skill level 5 in Unarmed Combat
  1797 | D:3      | Reached XP level 6. HP: 41/41 MP: 6/6
  1957 | D:3      | Found a runed translucent door.
  1958 | D:3      | Noticed Crazy Yiuf
  2187 | D:3      | Killed Crazy Yiuf
  2327 | D:4      | Found a stormy altar of Qazlal.
  2421 | D:4      | Found Remu Ill's Gadget Gallery.
  2490 | D:4      | Noticed a sky beast
  2498 | D:4      | Killed a sky beast
  2499 | D:4      | Reached XP level 7. HP: 46/46 MP: 7/7
  2558 | D:4      | Reached skill level 6 in Unarmed Combat
  2937 | D:4      | Found a snail-covered altar of Cheibriados.
  2937 | D:4      | Found a blossoming altar of Fedhas.
  3111 | D:4      | Became a worshipper of Cheibriados the Contemplative
  3145 | D:5      | Entered Level 5 of the Dungeon
  3220 | D:5      | Reached skill level 1 in Invocations
  3725 | D:5      | Found an iron altar of Okawaru.
  3819 | D:5      | Noticed Grinder
  3826 | D:5      | Paralysed by Grinder for 2 turns
  3829 | D:5      | Paralysed by Grinder for 4 turns
  3838 | D:5      | Killed Grinder
  3839 | D:5      | Reached skill level 7 in Unarmed Combat
  3839 | D:5      | Reached XP level 8. HP: 41/54 MP: 9/9
  4139 | D:5      | Found an ornate altar of the Wu Jian Council.
  4256 | D:6      | Reached skill level 5 in Shapeshifting
  4263 | D:6      | Slain by a wight

Illustrated notes

Levels and vault maps discovered:
D:1:      shiori_arrival_whats_in_store_for_you, layout_basic,
          nicolae_nh_oracle_at_delphi
D:2:      layout_loops_ring
D:3:      layout_rooms, uniq_crazy_yiuf_cottage
D:4:      layout_loops_ring, grunt_qazlal_clouds,
          nicolae_overflow_two_pavilions, chequers_serial_rivers_micro_c,
          nicolae_shop_gadgets
D:5:      layout_basic, amcnicky_altar_gilded, pdpol_wu_jian_five_deadly_venoms,
          uniq_grinder
D:6:      layout_rooms, lemuel_doored_altar, nicolae_overflow_crystal_walls,
          kennysheep_mini, grunt_decor_clamped

Skill      XL: |  1  2  3  4  5  6  7  8 |
---------------+-------------------------+-----
Unarmed Combat | 4 5 7 |  7.0
Fighting       | 2 3 4 |  4.6
Shapeshifting  | 4 5 |  5.1
Invocations    | 2 |  2.8
Dodging        | |  2.0

Action                     |  1- 3 |  4- 6 |  7- 9 || total
---------------------------+-------+-------+-------++-------
  Melee: Unarmed           |    54 |   107 |    66 ||   227
         Constrict         |    13 |    28 |    14 ||    55
         Tentacles         |     8 |    26 |    12 ||    46
         Punch             |       |     3 |     3 ||     6
  Throw: Throwing net      |       |     2 |     1 ||     3
   Stab: Sleeping          |    10 |     1 |     4 ||    15
         Distracted        |       |     1 |       ||     1
 Armour: Skin              |     2 |    16 |    13 ||    31
  Dodge: Dodged            |    19 |    55 |    33 ||   107

Table legend: (Time is in decaauts)
 A = Elapsed time spent in this place.
 B = Non-inter-level travel time spent in this place.
 C = Inter-level travel time spent in this place.
 D = Time resting spent in this place.
 E = Time spent auto-exploring this place.
 F = Levels seen in this place.
 G = Mean time per level.
                   A        B        C        D        E       F      G
               +--------+--------+--------+--------+--------+-----+--------+
         Total |   4473 |   4182 |    291 |    135 |   3312 |   6 |  745.5 |
       Dungeon |   4473 |   4182 |    291 |    135 |   3312 |   6 |  745.5 |
               +--------+--------+--------+--------+--------+-----+--------+

Top non-repeatable levels by time:
     D:5: 1283 daAuts
     D:2: 894 daAuts
     D:4: 860 daAuts
     D:3: 723 daAuts
     D:1: 658 daAuts
     D:6: 52 daAuts
